 Dungeon Crawl Stone Soup version 0.31.0-32-g396128a36d (webtiles) character file.

Game seed: 3434218755291788561

167 Murmeli the Grave Robber (level 5, 0/37 HPs)
             Began as a Mummy Necromancer on Apr 13, 2024.
             Slain by a gnoll
             ... wielding a +1 whip of distortion
              (16 damage)
             ... on level 3 of the Dungeon.
             The game lasted 00:33:32 (4835 turns).

Murmeli the Grave Robber (Mummy Necromancer)        Turns: 4835, Time: 00:33:32

Health: 0/37       AC:  6    Str: 11    XL:     5   Next: 23%
Magic:  0/11       EV: 12    Int: 17    God:
Gold:   136        SH:  0    Dex: 12    Spells: 8/13 levels left

rFire   x . .        f - +1 dagger (spect)
rCold   + . .        (no shield)
rNeg    + + +        a - +0 robe
rPois   ∞            (no helmet)
rElec   .            b - scarf {repulsion}
rCorr   .            (no gloves)
SInv    .            (no boots)
Will    .....        (no amulet)
Stlth   ++           i - +4 ring of protection
HPRegen 0.26/turn    (no ring)
MPRegen 0.12/turn

%: repel missiles, faith
@: no status effects
A: cold resistance 1, negative energy resistance 3, torment resistance 2, heat
vulnerability 1, in touch with death 1, no potions, faith
a: no special abilities


You were on level 3 of the Dungeon.
You visited 1 branch of the dungeon, and saw 4 of its levels.

You collected 136 gold pieces.

Inventory:

Hand Weapons
 f - a +1 spectral dagger (weapon)
Armour
 a - a +0 robe (worn)
 b - a scarf of repulsion (worn)
 c - an orb of light
Jewellery
 i - a +4 ring of protection (left hand)
Scrolls
 d - 2 scrolls of poison
 e - 3 scrolls of identify
 g - 2 scrolls of brand weapon
 h - a scroll of enchant weapon


   Skills:
 + Level 1.0 Fighting
 + Level 1.6 Dodging
 + Level 1.9 Stealth
 + Level 4.5 Spellcasting
 + Level 5.4 Necromancy


You had 8 spell levels left.
You knew the following spells:

 Your Spells              Type           Power      Damage    Failure   Level
a - Necrotise             Necr           100%       1d9       1%          1
b - Animate Dead          Necr           33%        N/A       16%         4

Your spell library contained the following spells:

 Spells                   Type           Power      Damage    Failure   Level
 Vampiric Draining        Necr           33%        2d8       4%          3
 Blink                    Tloc           6%         N/A       22%         2
 Lesser Beckoning         Tloc           6%         N/A       22%         2
 Momentum Strike          Conj/Tloc      6%         3d8       22%         2
 Curse of Agony           Necr           33%        N/A       41%         5


Dungeon Overview and Level Annotations

Branches:
Dungeon (4/15)
 Temple: D:4-7

Altars:

Shops:
D:4 !


Innate Abilities, Weirdness & Mutations

You are immune to poison.
Your flesh is cold resistant. (rC+)
You are immune to negative energy. (rN+++)
You are immune to unholy pain and torment.
You are vulnerable to heat. (rF-)
You are in touch with the powers of death.
You do not drink.
You have a special connection with the divine. (Faith)


Message History

Press: ? - help, Shift-Dir - straight line, f/p - gnoll
Aim: a gnoll, wielding a +0 club (severely wounded, chance to affect: 88%)
You feel a surge of power!
The gnoll writhes in agony.
The gnoll barely misses you. The gnoll attacks as it pursues you!
The gnoll hits you with a +0 club. The gnoll attacks as it pursues you!
The gnoll completely misses you.
Casting: Necrotise (safe; 1% risk of failure)
Confirm with . or Enter, or press ? or * to list all spells.
Aiming: Necrotise (safe; 1% risk of failure)
Press: ? - help, Shift-Dir - straight line, f/p - gnoll
Aim: a gnoll, wielding a +0 club (almost dead, chance to affect: 88%)
You feel a surge of power!
The gnoll writhes in agony.
The gnoll barely misses you. The gnoll attacks as it pursues you!
The gnoll barely misses you.
You barely miss the gnoll.
The gnoll is almost dead.
The gnoll closely misses you.
You hit the gnoll but do no damage.
The gnoll is almost dead.
The gnoll hits you but does no damage.
You closely miss the gnoll.
The gnoll is almost dead.
The gnoll misses you.
You barely miss the gnoll.
The gnoll is almost dead.
The gnoll hits you with a +0 club.
You hit the gnoll.
You kill the gnoll!
Your Fighting skill increases to level 1!
Casting: Necrotise (safe; 1% risk of failure)
Confirm with . or Enter, or press ? or * to list all spells.
Aiming: Necrotise (safe; 1% risk of failure)
Press: ? - help, Shift-Dir - straight line, f - gnoll
Aim: a gnoll, wielding a +1 whip of distortion (chance to affect: 88%)
You feel a surge of power!
The gnoll writhes in agony.
The gnoll hits you but does no damage. The gnoll attacks as it pursues you!
The gnoll hits you with a +1 whip of distortion.
Space warps horribly around you!
You die...

#..# #.#.# #.##
#.#.######### #.#
#.#.##....... #.#
#.#.##.###### #.##
#.#......#
#..####......(.####
#.#..)...#.........
##g#####.......####
#@# ###......# #.#
#....##### #.#
#.##.# #.# #.##.#
#.# ##.##.#
#.###...#.########
#.......#.........
#..##...##########
#..#######........


You could see a gnoll.

Vanquished Creatures
  A hound (D:4)
  An orc priest (D:4)
  An iguana (D:4)
  A gnoll (D:3)
  2 adders
  A ribbon worm (D:2)
  2 orcs
  5 endoplasms
  A giant cockroach (D:4)
  A goblin (D:2)
  8 hobgoblins
  2 quokkas
  2 ball pythons
  3 bats
  5 frilled lizards
  5 kobolds
  4 rats
45 creatures vanquished.

Vanquished Creatures (collateral kills)
  A dart slug (D:2)
  An orc (D:4)
  An endoplasm (D:2)
  A goblin (D:4)
  A ball python (D:4)
5 creatures vanquished.

Grand Total: 50 creatures vanquished

Notes
Turn   | Place    | Note
-------+----------+-------------------------------------------
     0 | D:1      | Murmeli the Mummy Necromancer began the quest for the Orb.
     0 | D:1      | Reached XP level 1. HP: 13/13 MP: 4/4
  2581 | D:1      | Reached XP level 2. HP: 19/19 MP: 3/5
  2819 | D:2      | Reached XP level 3. HP: 6/24 MP: 0/7
  4727 | D:4      | Reached XP level 4. HP: 31/31 MP: 5/10
  4732 | D:4      | Learned a level 4 spell: Animate Dead
  4752 | D:4      | Found Hemukhlee's Distillery.
  4768 | D:4      | Reached skill level 5 in Necromancy
  4781 | D:4      | Reached XP level 5. HP: 36/36 MP: 3/11
  4832 | D:3      | Reached skill level 1 in Fighting
  4835 | D:3      | Slain by a gnoll

Illustrated notes

Levels and vault maps discovered:
D:1:      sevenhm_arrival_forest_fort_large_3, layout_basic
D:2:      layout_rooms
D:3:      layout_loops_ring, zin_academy
D:4:      layout_cave_pools, mainiacjoe_overflow_divided_tiny,
          nicolae_hepliaklqana_hazy_memory, serial_shops,
          nicolae_shop_hallway_plus, uniq_natasha, uniq_grinder

Skill      XL: |  1  2  3  4  5 |
---------------+----------------+-----
Spellcasting   | 3 4 |  4.5
Necromancy     | 5 |  5.4
Fighting       | 1 |  1.0
Dodging        | |  1.6
Stealth        | |  1.9

Action                     |  1- 3 |  4- 6 || total
---------------------------+-------+-------++-------
  Melee: Dagger            |       |     8 ||     8
   Cast: Necrotise         |    70 |    18 ||    88
    Use: Scroll            |     6 |       ||     6
 Armour: Robe              |    18 |    17 ||    35
  Dodge: Dodged            |     8 |    18 ||    26
         Repelled          |     2 |       ||     2
